Map: Overgrown Facility

Players

MasterKim - Winner!

  • Race: Zerg Zerg
  • League: Master
  • Spawn Location: 3:00

PureLegacy - Winner!

  • Race: Terran Terran
  • League: Master
  • Spawn Location: 1:00

HoanQ

  • Race: Protoss Protoss
  • League: Gold
  • Spawn Location: 9:00

Kawaiyu

  • Race: Zerg Zerg
  • League: Diamond
  • Spawn Location: 7:00

VOD

Have the link to the VOD?

Description

Time

  • Played on: Dec. 6, 2018, 11:53 a.m.
  • Length: 7:48
Show
View Real Time Build Order
Export as new Build Order

MasterKim Zerg - Winner!

Build Orders: Pool First 

Get SALT Encoding   

  12  0:02  Drone  
  13  0:17  Extractor  
  12  0:26  Spawning Pool  
  11  0:31  Drone  
  12  0:36  Drone  
  12  0:42  Drone  
  14  0:53  Overlord  
  14  2:14  Drone x3  
  14  2:15  Queen  
  17  2:16  Metabolic Boost  
  19  2:26  Drone  
  20  2:32  Baneling Nest, Hatchery  
  18  2:39  Zergling x2  
  19  2:47  Zergling x2  
  20  2:59  Zergling x2  
  20  3:02  Lair  
  21  3:10  Zergling x2  
  22  3:20  Overlord  
  22  3:25  Baneling x2  
  22  3:26  Baneling x2  
  22  3:46  Drone  
  22  3:47  Queen  
  22  3:48  Drone x3, Extractor  
  27  3:56  Drone x3  
  30  4:09  Baneling  
  30  4:10  Baneling x3  
  30  4:11  Drone x2  
  30  4:14  Drone x2  
  33  4:27  Drone  
  33  4:29  Zergling x4  
  34  4:32  Drone  
  34  4:40  Drone  
  34  4:45  Overlord  
  35  4:51  Drone  
  36  4:54  Overlord  
  36  5:03  Queen  
  38  5:09  Queen  
  40  5:27  Hatchery  
  39  5:34  Drone x2  
  39  5:35  Drone x2  
  43  5:36  Drone x3  
  43  5:37  Drone x2  
  43  5:38  Queen  
  43  5:41  Drone  
  43  5:42  Drone  
  52  5:59  Overlord  
  52  6:09  Centrifical Hooks  
  52  6:17  Queen  
  54  6:27  Queen  
  56  6:33  Overlord x5  
  56  6:38  Overlord x2  
  56  6:39  Queen  
  56  6:41  Drone  
  59  6:50  Baneling x3  
  59  6:51  Baneling  
  59  6:53  Queen  
  61  6:54  Drone  
  62  7:03  Queen  
  62  7:06  Extractor  
  63  7:10  Extractor  
Show
View Real Time Build Order
Export as new Build Order

PureLegacy Terran - Winner!

Build Orders:  

Get SALT Encoding   

  12  0:24  SCV  
  12  0:25  Supply Depot  
  13  0:36  SCV  
  13  0:37  Refinery  
  14  0:48  SCV  
  15  0:50  Barracks  
  15  1:00  SCV  
  16  1:05  Barracks  
  16  1:12  SCV  
  17  1:24  Barracks  
  17  1:34  SCV  
  17  1:39  Reaper  
  19  1:49  Orbital Command  
  19  1:55  Reaper  
  20  2:07  Refinery  
  20  2:11  Reaper  
  21  2:18  Supply Depot  
  21  2:19  Reaper  
  21  2:21  SCV  
  23  2:39  Reaper, SCV  
  25  2:47  Supply Depot  
  25  2:50  Reaper  
  26  2:51  SCV  
  27  3:07  Reaper  
  27  3:11  SCV  
  29  3:15  Command Center  
  29  3:22  Reaper  
  30  3:27  Reaper  
  30  3:29  SCV  
  30  3:31  Supply Depot  
  32  3:48  Reaper  
  33  3:57  Reaper  
  33  3:59  SCV  
  33  4:01  Reaper  
  36  4:02  Barracks  
  36  4:03  Barracks  
  36  4:14  SCV  
  37  4:20  Reaper  
  38  4:26  SCV  
  38  4:27  Orbital Command  
  38  4:29  Reaper  
  40  4:34  Reaper  
  39  4:51  Reaper  
  39  4:52  Reaper  
  41  4:53  Reaper  
  41  4:54  SCV  
  42  5:07  Reaper  
  42  5:08  Reaper  
  44  5:20  Command Center  
  44  5:21  SCV x2  
  45  5:23  Refinery, Reaper  
  45  5:24  Refinery  
  45  5:25  Reaper  
  45  5:27  Reaper  
  49  5:38  Barracks  
  49  5:40  Barracks  
  47  5:51  Reaper x2  
  47  5:55  Reaper  
  47  5:56  SCV x2  
  52  6:01  Reaper  
  53  6:05  Reaper  
  53  6:08  SCV x2  
  56  6:20  SCV x2  
  56  6:23  Reaper x2  
  60  6:30  Reaper x2  
  60  6:31  Reaper  
  60  6:32  Orbital Command  
  63  6:35  Supply Depot  
  63  6:39  Reaper  
  62  6:40  Reaper  
  62  6:55  Reaper x2  
  62  7:00  SCV x2  
  62  7:01  SCV  
  66  7:02  Reaper  
  66  7:06  Reaper  
  66  7:07  Reaper  
  67  7:12  SCV  
  67  7:13  SCV  
  70  7:45  Supply Depot x2  
Show
View Real Time Build Order
Export as new Build Order

HoanQ Protoss 

Build Orders: Double Forge 

Get SALT Encoding   

  12  0:02  Probe  
  13  0:14  Probe  
  13  0:20  Pylon  
  14  0:26  Probe  
  15  0:43  Gateway  
  16  0:50  Probe  
  16  1:00  Assimilator  
  16  1:02  Probe  
  17  1:07  Gateway  
  17  1:14  Probe  
  17  1:17  Pylon  
  18  1:30  Probe  
  19  1:38  Cybernetics Core  
  19  1:58  Probe  
  19  2:00  Assimilator  
  20  2:06  Adept x2  
  20  2:10  Probe  
  20  2:11  Pylon  
  25  2:17  Warp Gate  
  25  2:24  Probe  
  26  2:36  Probe  
  27  2:41  Pylon  
  27  2:48  Forge  
  23  3:17  Probe, Forge  
  24  3:29  Adept, Probe  
  24  3:31  Nexus  
  22  4:10  Shield Battery  
  22  4:13  Shield Battery  
  22  4:23  Photon Cannon  
  22  4:30  Stalker  
  17  4:41  Stalker  
  8  5:07  Probe  
  8  5:19  Probe  
  9  5:29  Sentry  
  9  5:31  Probe  
  10  5:50  Probe  
  11  5:58  Probe  
Show
View Real Time Build Order
Export as new Build Order

Kawaiyu Zerg 

Build Orders: Hatch First 

Get SALT Encoding   

  12  0:01  Drone  
  13  0:12  Overlord  
  13  0:21  Drone  
  14  0:32  Drone x2  
  16  0:52  Hatchery  
  16  0:55  Drone  
  16  0:58  Drone  
  16  1:01  Drone  
  18  1:11  Extractor  
  17  1:19  Spawning Pool  
  17  1:23  Drone  
  18  1:25  Drone  
  18  1:29  Drone  
  19  1:45  Overlord  
  19  2:06  Queen x2  
  19  2:07  Zergling x6  
  26  2:23  Drone x3  
  26  2:26  Metabolic Boost  
  26  2:28  Drone  
  30  2:37  Zergling x4  
  32  2:47  Queen  
  32  2:48  Drone x2  
  36  2:55  Overlord  
  36  3:09  Overlord  
  36  3:24  Spine Crawler  
  36  3:25  Drone  
  36  3:26  Drone x8  
  44  3:42  Zergling x4  
  46  3:58  Hatchery  
  46  4:01  Zergling x4  
  46  4:02  Zergling x4  
  50  4:08  Baneling Nest  
  49  4:12  Zergling x2, Hatchery  
  49  4:13  Zergling x6  
  49  4:14  Overlord  
  49  4:37  Roach Warren  
  47  4:39  Evolution Chamber  
  47  4:45  Drone x2  
  48  4:50  Zergling x2  
  48  4:51  Zergling x12  
  55  4:58  Drone  
  56  5:13  Zergling x4  
  56  5:14  Zergling x4  
  55  5:20  Overlord  
  54  5:25  Queen  
  54  5:27  Drone x2  
  58  5:33  Zergling x6  
  58  5:34  Zergling x6  
  60  5:47  Zergling x8  
  57  6:00  Roach x2  
  57  6:01  Roach x2  
  61  6:06  Queen x2  
  61  6:08  Zergling x4  
  69  6:18  Extractor  
  69  6:20  Drone x4, Extractor  
  69  6:27  Roach  
  67  6:34  Lair  
  67  6:36  Roach x4  
  67  6:37  Overlord  
  67  6:38  Overlord  
  72  6:44  Spore Crawler  
  64  6:48  Roach x2  
  64  6:49  Roach  
  68  6:57  Roach  
  68  6:58  Zergling x2  
  68  6:59  Zergling x10  
  68  7:04  Roach  
  64  7:14  Zergling x6  
  61  7:18  Zergling x6  
  55  7:23  Roach x2  
Tags
 
Add a new tag
Caveats
  • Supply blocks, unpowered buildings, or Contaminate may cause inaccurate times.
  • Supply counts are checked every 10 seconds.